 Dungeon Crawl Stone Soup version 0.25-a0-558-g78a2afb0af (webtiles) character file.

Game seed: 2752521722419079756, levelgen mode: deterministic

1979 RedPan the Basher (level 9, -4/67 HPs)
             Began as a Gnoll Wanderer on Feb 24, 2020.
             Was an Initiate of Cheibriados.
             Slain by Harold
             ... wielding a +0 short sword
              (6 damage)
             ... on level 6 of the Dungeon.
             The game lasted 00:24:16 (6951 turns).

RedPan the Basher (Gnoll Wanderer)                  Turns: 6951, Time: 00:24:17

Health: -4/67      AC: 13    Str: 19    XL:     9   Next: 20%
Magic:  0/14       EV:  9    Int: 20    God:    Cheibriados [......]
Gold:   233        SH:  0    Dex: 18    Spells: 15/15 levels left

rFire    + + .     SeeInvis .   C - +4 quarterstaff "Pydixyet" {pain, +Fly Int+4 Dex+3}
rCold    + + .     Gourm    .   (shield currently unavailable)
rNeg     . . .     Faith    .   H - +1 chain mail of Indecent Exposure {rF+ rCorr} (curse)
rPois    +         Spirit   +   (no helmet)
rElec    +         Reflect  .   e - +2 cloak
rCorr    +         Harm     .   (no gloves)
MR       .....                  (no boots)
Stlth    ..........             i - amulet of guardian spirit
HPRegen  0.21/turn              E - ring of protection from cold
MPRegen  0.14/turn              o - ring of poison resistance

@: resistant, marked, very slightly contaminated, invisible, very slow
A: distributed training, fangs 1, strong nose
a: Bend Time, Renounce Religion, Evoke Flight


You were on level 6 of the Dungeon.
You worshipped Cheibriados.
Cheibriados was noncommittal.
You were near starving.

You visited 2 branches of the dungeon, and saw 8 of its levels.

You collected 365 gold pieces.
You spent 132 gold pieces at shops.

Inventory:

Hand Weapons
 c - a +1 mace
 C - the +4 quarterstaff "Pydixyet" (weapon) {pain, +Fly Int+4 Dex+3}
   (You found it on level 5 of the Dungeon)

   In the hands of one skilled in necromantic magic, it inflicts extra damage on
   living creatures.
   It affects your intelligence (+4).
   It affects your dexterity (+3).
   It lets you fly.
Missiles
 b - 3 curare-tipped darts (quivered)
 l - 8 poisoned darts
 n - 5 javelins
Armour
 a - a +1 plate armour
 e - a +2 cloak (worn)
 s - a +0 cloak of magic resistance
 H - the cursed +1 chain mail of Indecent Exposure (worn) {rF+ rCorr}
   (You took it off an orc on level 6 of the Dungeon)

   It protects you from fire.
   It provides partial protection from all sources of acid and corrosion.
   If you remove this armour, your AC will decrease by 10 (13 -> 3).
   It has a curse placed upon it.
Jewellery
 i - an amulet of guardian spirit (around neck)
 o - a ring of poison resistance (right hand)
 y - an uncursed ring of resist corrosion
 z - an uncursed ring of protection from magic
 A - an uncursed ring of wizardry
 E - a ring of protection from cold (left hand)
Wands
 v - a wand of enslavement (5)
Scrolls
 h - 7 scrolls of remove curse
 w - a scroll of blinking
 B - 4 scrolls of teleportation
 D - a scroll of fear
Potions
 d - 4 potions of curing
 g - a potion of invisibility
 j - a potion of might
 k - a potion of haste
 p - a potion of lignification
 q - a potion of cancellation {unknown}
 r - a potion of berserk rage {unknown}
 t - a potion of ambrosia
 u - 3 potions of stabbing
 x - a potion of flight {unknown}
Comestibles
 f - 9 rations


   Skills:
 + Level 4.8 Fighting
 + Level 3.9 Short Blades
 + Level 3.9 Long Blades
 + Level 3.9 Axes
 + Level 9.4 Maces & Flails
 + Level 6.1 Polearms
 + Level 3.9 Staves
 + Level 3.9 Slings
 + Level 3.9 Bows
 + Level 3.9 Crossbows
 + Level 4.8 Throwing
 + Level 3.9 Armour
 + Level 3.9 Dodging
 + Level 5.8 Stealth
 + Level 3.9 Shields
 + Level 3.9 Unarmed Combat
 + Level 3.9 Spellcasting
 + Level 3.2 Conjurations
 + Level 3.2 Hexes
 + Level 3.2 Charms
 + Level 3.2 Summonings
 + Level 3.2 Necromancy
 + Level 3.2 Translocations
 + Level 3.2 Transmutations
 + Level 3.2 Fire Magic
 + Level 3.2 Ice Magic
 + Level 3.2 Air Magic
 + Level 3.2 Earth Magic
 + Level 3.2 Poison Magic
 + Level 4.3 Invocations
 + Level 3.9 Evocations


You had 15 spell levels left.
You didn't know any spells.
Your spell library contained the following spells:

 Spells                   Type           Power        Failure   Level  Hunger
 Beastly Appendage        Tmut           ###...       36%         1    None
 Corona                   Hex            ###....      36%         1    None
 Ensorcelled Hibernation  Hex/Ice        ###...       50%         2    ##.....
 Sticks to Snakes         Tmut           ###.....     50%         2    ##.....
 Confusing Touch          Hex            ###.....     73%         3    ###....
 Dazzling Flash           Conj/Hex       ###...       73%         3    ###....
 Gell's Gravitas          Tloc           ###.......   73%         3    ###....
 Spider Form              Tmut/Pois      ###.......   73%         3    ###....
 Tukima's Dance           Hex            ###.....     73%         3    ###....
 Ice Form                 Ice/Tmut       ###.....     98%         4    ####...
 Petrify                  Tmut/Erth      ###.....     98%         4    ####...
 Blade Hands              Tmut           ###.......   100%        5    ######.
 Metabolic Englaciation   Hex/Ice        ###.......   100%        5    ######.
 Yara's Violent Unravell  Hex/Tmut       ###.......   100%        5    ######.


Dungeon Overview and Level Annotations

Branches:
Dungeon (7/15)             Temple (1/1) D:6

Altars:
Ashenzari
Cheibriados
Dithmenos
Fedhas
Makhleb
Nemelex Xobeh
Okawaru
Uskayaw
Wu Jian
Xom

Shops:
D:4 (!:**

Annotations:
D:6 Harold


Innate Abilities, Weirdness & Mutations

Your experience applies equally to all skills.
You have very sharp teeth.
Your uncanny sense of smell can sniff out nearby items.


Message History

You hit Harold.
Harold writhes in agony.
Harold is severely wounded.
Harold casts a spell at you. The mark upon you grows brighter.
You thump Harold!
Harold writhes in agony.
Harold is almost dead.
Harold hits you with a +0 short sword.
* * * LOW HITPOINT WARNING * * *
It was a potion of resistance.
You feel protected. Harold hits you with a +0 short sword!
* * * LOW HITPOINT WARNING * * *
You strike the helpless Harold from behind!
You hit Harold.
Harold is almost dead.
Harold is no longer moving slowly.
You barely miss Harold.
Harold is almost dead.
Harold hits you with a +0 short sword!
You die...

###### #..... #.####
#.#### ####.....
#...^....
##########........
#@@...............
#†#####.##........
#.................
#######.#####.#.##
#.# #.#... ###
#.#####'#... #<#
#.##........
###.#####.##.....<..
#.......#.##........


You could see Harold.

Vanquished Creatures
  Eustachio (D:4)
  Menkaure (D:6)
  An orc warrior (D:6)
  A sky beast (D:5)
  5 ogres
  Blork the orc (D:5)
  A bullfrog (D:7)
  A scorpion (D:5)
  A killer bee (D:5)
  2 howler monkeys
  2 crimson imps (D:6)
  3 orc priests
  A hound (D:6)
  Crazy Yiuf (D:3)
  4 orc wizards
  Ijyb (D:4)
  7 worker ants
  A hound zombie (D:6)
  3 gnolls (D:4)
  8 adders
  3 shadow imps (D:6)
  An ooze (D:3)
  An adder skeleton (D:5)
  3 worms
  4 dart slugs
  6 leopard geckos
  9 orcs
  18 giant cockroaches
  4 goblins
  10 hobgoblins
  11 jackals
  A quokka (D:3)
  2 bats
  5 frilled lizards
  7 kobolds
  17 rats
  A fungus (D:3)
149 creatures vanquished.

Notes
Turn   | Place    | Note
-------+----------+-------------------------------------------
     0 | D:1      | RedPan the Gnoll Wanderer began the quest for the Orb.
     0 | D:1      | RedPan set off with the following items: a +2 dagger, 4
                  | curare-tipped darts, a +0 mace, a potion of curing, a +0
                  | robe, a ration
     0 | D:1      | Reached XP level 1. HP: 17/17 MP: 1/1
    26 | D:1      | Reached XP level 2. HP: 17/23 MP: 2/2
   377 | D:1      | Reached XP level 3. HP: 27/28 MP: 3/3
   815 | D:2      | Noticed a +0 hand axe
   816 | D:2      | Noticed a +0 dagger
   819 | D:2      | Found a hide-covered altar of Uskayaw.
   843 | D:2      | Reached skill level 1 in Invocations
   861 | D:2      | Reached skill level 1 in Short Blades
   861 | D:2      | Reached skill level 1 in Long Blades
   861 | D:2      | Reached skill level 1 in Axes
   861 | D:2      | Reached skill level 1 in Staves
   861 | D:2      | Reached skill level 1 in Slings
   861 | D:2      | Reached skill level 1 in Bows
   861 | D:2      | Reached skill level 1 in Crossbows
   861 | D:2      | Reached skill level 1 in Armour
   861 | D:2      | Reached skill level 1 in Dodging
   861 | D:2      | Reached skill level 1 in Shields
   861 | D:2      | Reached skill level 1 in Unarmed Combat
   861 | D:2      | Reached skill level 1 in Spellcasting
   861 | D:2      | Reached skill level 1 in Evocations
  1014 | D:2      | Reached XP level 4. HP: 33/34 MP: 5/5
  1761 | D:3      | Found a shadowy altar of Dithmenos.
  2020 | D:3      | Reached skill level 1 in Conjurations
  2020 | D:3      | Reached skill level 1 in Hexes
  2020 | D:3      | Reached skill level 1 in Charms
  2020 | D:3      | Reached skill level 1 in Summonings
  2020 | D:3      | Reached skill level 1 in Necromancy
  2020 | D:3      | Reached skill level 1 in Translocations
  2020 | D:3      | Reached skill level 1 in Transmutations
  2020 | D:3      | Reached skill level 1 in Fire Magic
  2020 | D:3      | Reached skill level 1 in Ice Magic
  2020 | D:3      | Reached skill level 1 in Air Magic
  2020 | D:3      | Reached skill level 1 in Earth Magic
  2020 | D:3      | Reached skill level 1 in Poison Magic
  2095 | D:3      | Found an iron altar of Okawaru.
  2582 | D:3      | Found a runed translucent door.
  2583 | D:3      | Noticed Crazy Yiuf
  2589 | D:3      | Paralysed by Crazy Yiuf for 7 turns
  2602 | D:3      | Killed Crazy Yiuf
  2602 | D:3      | Reached XP level 5. HP: 18/40 MP: 3/7
  3127 | D:4      | Found Webilah's Distillery.
  3135 | D:4      | Bought a potion of ambrosia for 88 gold pieces
  3135 | D:4      | Bought a potion of degeneration for 11 gold pieces
  3135 | D:4      | Bought a potion of lignification for 33 gold pieces
  3150 | D:4      | Found Atiecesi's Book Boutique.
  3156 | D:4      | Found Mepeen's General Store.
  3200 | D:4      | Found Panwyo's General Store.
  3230 | D:4      | Noticed Ijyb
  3252 | D:4      | Killed Ijyb
  3252 | D:4      | Reached XP level 6. HP: 41/47 MP: 8/8
  3345 | D:4      | Reached skill level 5 in Polearms
  3712 | D:4      | Noticed Eustachio
  3737 | D:4      | Killed Eustachio
  3737 | D:4      | Reached XP level 7. HP: 32/52 MP: 7/10
  4202 | D:4      | Found Liuhac's Antique Weapon Shop.
  4543 | D:5      | Entered Level 5 of the Dungeon
  4546 | D:5      | Noticed Blork the orc
  4558 | D:4      | Reached skill level 5 in Stealth
  4624 | D:4      | Reached skill level 9 in Maces & Flails
  4743 | D:5      | Killed Blork the orc
  4791 | D:5      | Reached XP level 8. HP: 55/60 MP: 10/12
  5087 | D:5      | Found a runed translucent door.
  5088 | D:5      | Found a runed translucent door.
  5432 | D:5      | Got a blackened quarterstaff
  5439 | D:5      | Identified the +4 quarterstaff "Pydixyet" {pain, +Fly Int+4
                  | Dex+3} (You found it on level 5 of the Dungeon)
  5618 | D:6      | Noticed Menkaure
  5630 | D:6      | Killed Menkaure
  5934 | D:6      | Reached XP level 9. HP: 44/66 MP: 10/14
  6065 | D:6      | Identified the cursed +1 chain mail of Indecent Exposure
                  | {rF+ rCorr}
  6192 | D:6      | Found a sparkling altar of Nemelex Xobeh.
  6675 | D:6      | Found a staircase to the Ecumenical Temple.
  6684 | Temple   | Entered the Ecumenical Temple
  6705 | Temple   | Became a worshipper of Cheibriados the Contemplative
  6910 | D:7      | Noticed Harold
  6949 | D:6      | HP: 1/67 [Harold/+0 short sword (8)]
  6951 | D:6      | Slain by Harold

Levels and vault maps discovered:
D:1:      erik_arrival_orb_chamber, layout_loops_ring
D:2:      layout_loops_cross, dancing_weapons_uskayaw
D:3:      layout_loops_ring, lemuel_doored_altar, lemuel_crystal_altar,
          first_ration, uniq_crazy_yiuf_cottage
D:4:      layout_layer_cave, serial_shops, nicolae_shop_crystal, shop,
          nicolae_shop_temple_entry_statues_fountains, nicolae_shop_statue_plus,
          shop, gup_sewer_entry_spiral, uniq_ijyb, uniq_eustachio
D:5:      lemuel_insect_pit, layout_gridville, uniq_blork_the_orc
D:6:      layout_basic, minmay_temple_entry_poolview,
          nemelex_diamond_rough_becter, uniq_menkaure
D:7:      layout_rooms, lemuel_round_altar, the_bakery, uniq_maggie, uniq_harold
Temple:   regret_index_temple_sphere_string

Skill      XL: |  1  2  3  4  5  6  7  8  9 |
---------------+----------------------------+-----
Invocations    | 1 2 3 4 |  4.3
Short Blades   | 1 2 3 |  3.9
Long Blades    | 1 2 3 |  3.9
Axes           | 1 2 3 |  3.9
Staves         | 1 2 3 |  3.9
Slings         | 1 2 3 |  3.9
Bows           | 1 2 3 |  3.9
Crossbows      | 1 2 3 |  3.9
Armour         | 1 2 3 |  3.9
Dodging        | 1 2 3 |  3.9
Shields        | 1 2 3 |  3.9
Unarmed Combat | 1 2 3 |  3.9
Spellcasting   | 1 2 3 |  3.9
Evocations     | 1 2 3 |  3.9
Conjurations   | 1 2 3 |  3.2
Hexes          | 1 2 3 |  3.2
Charms         | 1 2 3 |  3.2
Summonings     | 1 2 3 |  3.2
Necromancy     | 1 2 3 |  3.2
Translocations | 1 2 3 |  3.2
Transmutations | 1 2 3 |  3.2
Fire Magic     | 1 2 3 |  3.2
Ice Magic      | 1 2 3 |  3.2
Air Magic      | 1 2 3 |  3.2
Earth Magic    | 1 2 3 |  3.2
Poison Magic   | 1 2 3 |  3.2
Fighting       | 3 4 |  4.8
Throwing       | 3 4 |  4.8
Polearms       | 5 6 |  6.1
Stealth        | 5 |  5.8
Maces & Flails | 9 |  9.4

Action                   |  1- 3 |  4- 6 |  7- 9 || total
-------------------------+-------+-------+-------++-------
Melee: Dagger            |    11 |       |       ||    11
       Mace              |    94 |   170 |   178 ||   442
       Bite              |     5 |    18 |    35 ||    58
       Punch             |       |       |     5 ||     5
       Quarterstaff      |       |       |   120 ||   120
Throw: Dart              |       |     9 |     3 ||    12
Invok: Bend Time         |       |       |     1 ||     1
  Use: Scroll            |     4 |     8 |     4 ||    16
       Potion            |       |       |     5 ||     5
 Stab: Sleeping          |     2 |       |       ||     2
       Invisible         |       |       |     2 ||     2
  Eat: Chunk             |       |     9 |     9 ||    18
Armor: Ring mail         |    13 |       |       ||    13
       Chain mail        |    27 |       |    32 ||    59
       Robe              |     3 |       |       ||     3
       Plate armour      |       |    72 |   192 ||   264
       Skin              |       |       |     5 ||     5
Dodge: Dodged            |    37 |    27 |   100 ||   164

Table legend:
 A = Non-vault XP
 B = Vault XP
 C = Vault XP percentage of total XP
 D = Non-vault monster count
 E = Vault monster count
 F = Vault count percentage of total count
                 A         B        C        D         E       F
            +---------+---------+-------+---------+---------+-------
      Total |    1950 |     878 |  31.0 |     112 |      36 |  24.3
            +---------+---------+-------+---------+---------+-------
        D:1 |      32 |      12 |  27.3 |      17 |      12 |  41.4
        D:2 |      61 |       0 |   0.0 |      16 |       0 |   0.0
        D:3 |      52 |      42 |  44.7 |      20 |       1 |   4.8
        D:4 |     609 |     281 |  31.6 |      17 |       8 |  32.0
        D:5 |     407 |     374 |  47.9 |      14 |      14 |  50.0
        D:6 |     704 |     169 |  19.4 |      27 |       1 |   3.6
        D:7 |      85 |       0 |   0.0 |       1 |       0 |   0.0
            +---------+---------+-------+---------+---------+-------
